 Dungeon Crawl Stone Soup version 0.29-a0-1009-g60c99734e7 (webtiles) character file.

Game seed: 14801994505812814515

1266 zishaf the Magician (level 8, -1/58 HPs)
             Began as a Djinni Venom Mage on Aug 8, 2022.
             Was a Believer of Makhleb.
             Slain by a mummy (6 damage)
             ... in an ossuary.
             The game lasted 00:12:28 (6015 turns).

zishaf the Magician (Djinni Venom Mage)             Turns: 6015, Time: 00:12:28

Health: -1/58      AC:  9    Str:  7    XL:     8   Next: 82%
Gold:   309        EV: 16    Int: 18    God:    Makhleb [**....] SH:  0 Dex: 15

rFire   + + .      SeeInvis .   b - +1 dagger (vamp)
rCold   x . .      Faith    .   (no shield)
rNeg    . . .      Spirit   .   y - +0 robe
rPois   ∞          Reflect  .   o - +1 helmet
rElec   .          Harm     .   A - +0 cloak
rCorr   .          Rampage  .   (no gloves)
Will    .....                   (boots unavailable)
Stlth   ++........              (no amulet)
HPRegen 0.19/turn               d - +4 ring of protection
MPRegen 0.00/turn               q - +4 ring of evasion

@: mighty, flying, hasted, very quick
A: sickness immunity, fire resistance 2, cold vulnerability 1, float, innate
caster, HP casting, extra vitality 1
a: Renounce Religion, Minor Destruction


You were in an ossuary.
You worshipped Makhleb.
Makhleb was pleased with you.
You visited 2 branches of the dungeon, and saw 7 of its levels.
You also visited: Sewer and Ossuary.

You collected 309 gold pieces.

Inventory:

Hand Weapons
 a - the +8 sling of Fefaseh {freeze, SInv}
   (You found it on level 5 of the Dungeon)

   Any ammunition fired from it freezes those it strikes, dealing additional
   cold damage.
   It can also slow down cold-blooded creatures.
   SInv:      It lets you see invisible.
 b - a +1 vampiric dagger (weapon)
 i - a +1 spear of venom
 j - a +2 whip of freezing
Missiles
 B - 2 throwing nets
Armour
 o - a +1 helmet (worn)
 y - a +0 robe (worn)
 A - a +0 cloak (worn)
Jewellery
 d - a +4 ring of protection (left hand)
 g - a ring of see invisible
 h - a ring of wizardry
 q - a +4 ring of evasion (right hand)
 u - a +4 ring of slaying
Wands
 t - a wand of flame (14)
Scrolls
 k - 2 scrolls of butterflies
 n - 4 scrolls of teleportation
Potions
 e - a potion of cancellation {unknown}
 f - a potion of mutation {unknown}
 l - 2 potions of might
 m - a potion of attraction
 p - a potion of ambrosia {unknown}
 r - 2 potions of resistance {unknown}
 s - a potion of brilliance {unknown}
 w - 4 potions of haste
 x - a potion of magic {unknown}
 z - 2 potions of lignification {unknown}


   Skills:
 + Level 4.7 Fighting
 - Level 2.1 Dodging
 - Level 1.5 Stealth
 * Level 5.9 Spellcasting
 + Level 3.6 Invocations
 + Level 2.9 Evocations


You had 2 spell levels left.
You knew the following spells:

 Your Spells              Type           Power      Damage    Failure   Level
a - Sting                 Tmut/Pois      100%       1d8       1%          1
b - Poisonous Vapours     Pois/Air       52%        N/A       1%          2
c - Ensorcelled Hibernat  Hex/Ice        52%        N/A       1%          2
z - Mephitic Cloud        Conj/Pois/Air  26%        N/A       3%          3
A - Olgreb's Toxic Radia  Pois           26%        N/A       11%         4
B - Summon Small Mammal   Summ           100%       N/A       1%          1
F - Portal Projectile     Hex/Tloc       52%        N/A       3%          3
Your spell library was empty.

Dungeon Overview and Level Annotations

Branches:
Dungeon (6/15)             Temple (1/1) D:4           Sewer (visited)
Ossuary (1/1)

Altars:
Ashenzari
Cheibriados
Dithmenos
Elyvilon
Fedhas
Gozag
Hepliaklqana
Makhleb
Nemelex Xobeh
Okawaru
Qazlal
Ru
Trog
Uskayaw
Wu Jian
Yredelemnul
Zin
The Shining One

Shops:
D:1 *

Annotations:
D:4 3 runed translucent doors, Valamore's ghost, novice OgFE
Temple 2 transporters


Innate Abilities, Weirdness & Mutations

You are immune to sickness and miasma.
You are immune to poison.
Your flesh is very heat resistant. (rF++)
You are vulnerable to cold. (rC-)
You float through the air rather than walking.
You learn spells naturally, not from books.
Your magical power is your life essence.
You have superior vitality. (+4 MHP)


Message History

The bullfrog zombie is severely damaged.
The bullfrog zombie closely misses you. The mummy misses you.
You puncture the bullfrog zombie!
You destroy the bullfrog zombie!
Makhleb accepts your kill. The mummy barely misses you. The mummy hits you.
You puncture the mummy!
You destroy the mummy!
Makhleb accepts your kill. The mummy barely misses you.
You puncture the mummy!
The mummy is moderately damaged.
The mummy hits you!
* * * LOW HITPOINT WARNING * * *
You completely miss the mummy.
The mummy is moderately damaged.
The mummy closely misses you.
You feel better. The mummy completely misses you.
You barely miss the mummy.
The mummy is moderately damaged.
The mummy closely misses you.
A mummy comes into view.
The mummy hits you!
* * * LOW HITPOINT WARNING * * *
You feel better. The mummy hits you.
* * * LOW HITPOINT WARNING * * *
You feel better.
A water moccasin zombie comes into view.
A killer bee zombie comes into view.
The mummy closely misses you. The mummy barely misses you.
You puncture the mummy!
You destroy the mummy!
Makhleb accepts your kill.
You feel better.
You hit the mummy but do no damage.
A bullfrog zombie comes into view.
The mummy hits you!
* * * LOW HITPOINT WARNING * * *
It was a potion of haste.
You feel yourself speed up. The mummy hits you.
You die...

## #.
#
'#+#'#
.ZZ.
##M##
#@..#
#M∩.#
#..∩#
#####


You could see 2 mummies, a bullfrog zombie and a killer bee zombie.

Vanquished Creatures
  A water moccasin (Sewer)
  2 black bears (D:6)
  A kobold brigand (D:6)
  A gnoll sergeant (D:6)
  A necrophage (D:6)
  3 scorpions
  A howler monkey (D:5)
  A jelly (D:4)
  A bullfrog zombie (Ossuary)
  3 hounds
  Crazy Yiuf (D:5)
  2 iguanas (D:6)
  Ijyb (D:5)
  An orc wizard (D:5)
  4 mummies
  Robin (D:2)
  5 gnolls (D:6)
  7 adders
  2 worms
  3 dart slugs
  11 orcs
  4 endoplasms
  3 giant cockroaches
  14 goblins
  11 hobgoblins
  4 jackals (Sewer)
  A quokka (D:2)
  6 ball pythons
  5 bats
  3 frilled lizards (D:1)
  25 kobolds
  6 rats
135 creatures vanquished.

Vanquished Creatures (others)
  2 plants (D:6)
  5 withered plants (Ossuary)
7 creatures vanquished.

Grand Total: 142 creatures vanquished

Notes
Turn   | Place    | Note
-------+----------+-------------------------------------------
     0 | D:1      | zishaf the Djinni Venom Mage began the quest for the Orb.
     0 | D:1      | zishaf set off with the following spells memorised: Sting,
                  | Poisonous Vapours, Mephitic Cloud, Olgreb's Toxic Radiance.
     0 | D:1      | Reached XP level 1. HP: 15/15 MP: 0/0
    95 | D:1      | Found Gevubyba's Assorted Antiques.
   366 | D:1      | Reached XP level 2. HP: 20/22 MP: 0/0
   643 | D:1      | Reached skill level 1 in Fighting
  1045 | D:1      | Reached skill level 3 in Spellcasting
  1045 | D:1      | Reached XP level 3. HP: 25/27 MP: 0/0
  1045 | D:1      | Learned a level 1 spell: Summon Small Mammal
  1670 | D:2      | Reached XP level 4. HP: 22/32 MP: 0/0
  1911 | D:2      | Noticed Robin
  1920 | D:2      | Killed Robin
  2913 | D:3      | Reached XP level 5. HP: 29/38 MP: 0/0
  2913 | D:3      | Learned a level 2 spell: Ensorcelled Hibernation
  3045 | D:3      | Found a faded altar of an unknown god.
  3600 | D:4      | Found a runed translucent gate.
  3600 | D:4      | Found a runed translucent gate.
  3600 | D:4      | Found a runed translucent gate.
  3605 | D:4      | Noticed Valamore's ghost (novice OgFE)
  3633 | D:4      | Reached skill level 4 in Spellcasting
  3673 | D:4      | Found a staircase to the Ecumenical Temple.
  3692 | Temple   | Entered the Ecumenical Temple
  3692 | Temple   | Found a transporter.
  3692 | Temple   | Found a transporter.
  3694 | Temple   | Found a transporter.
  3694 | Temple   | Found a transporter.
  3709 | Temple   | Became a worshipper of Makhleb the Destroyer
  3805 | D:4      | Reached XP level 6. HP: 21/45 MP: 0/0
  4242 | D:4      | Reached skill level 1 in Invocations
  4412 | D:5      | Entered Level 5 of the Dungeon
  4432 | D:5      | Found a glowing drain.
  4438 | D:5      | Noticed Ijyb
  4445 | Sewer    | Entered a sewer
  4584 | Sewer    | Noticed a water moccasin
  4604 | Sewer    | Killed a water moccasin
  4604 | Sewer    | Reached * piety under Makhleb
  4605 | Sewer    | Reached XP level 7. HP: 40/50 MP: 0/0
  4605 | Sewer    | Learned a level 3 spell: Portal Projectile
  4722 | D:5      | Killed Ijyb
  4860 | D:5      | Found an opulent altar of Gozag.
  4873 | D:5      | Identified the +8 sling of Fefaseh {freeze, SInv}
  4894 | D:5      | Found a runed translucent door.
  4895 | D:5      | Noticed Crazy Yiuf
  5082 | D:5      | Reached skill level 5 in Spellcasting
  5082 | D:5      | Reached skill level 1 in Evocations
  5361 | D:5      | Killed Crazy Yiuf
  5455 | D:6      | Found a blossoming altar of Fedhas.
  5480 | D:6      | Found a hazy altar of Hepliaklqana.
  5553 | D:6      | Reached XP level 8. HP: 31/58 MP: 0/0
  5660 | D:6      | Reached ** piety under Makhleb
  5959 | D:6      | Found a sand-covered staircase.
  5973 | Ossuary  | Entered an ossuary
  6009 | Ossuary  | HP: 1/58 [mummy (12)]
  6015 | Ossuary  | Slain by a mummy

Illustrated notes

Levels and vault maps discovered:
D:1:      lightli_arrival_boilingwater, layout_basic, serial_shops,
          nicolae_shop_temple_entry_statues_fountains
D:2:      layout_basic, minmay_misc_feat_nine_boxes, grunt_ministairs_2,
          uniq_robin
D:3:      layout_rooms, hellmonk_ecumenical_altar_crossroads
D:4:      layout_cave_pools, mainiacjoe_overflow_small_starburst,
          minmay_temple_entry_sparse_star, gammafunk_ghost_split,
          minmay_joined_circles
D:5:      layout_loops_cross, overflow_temple_1_default,
          cheibrodos_sewer_entry_drain, uniq_ijyb, uniq_crazy_yiuf_cottage
D:6:      kennysheep_kobold_camp, layout_basic, nicolae_overflow_crystal_walls,
          mainiacjoe_overflow_surrounded_room, nicolae_ossuary_entry_giza,
          minmay_hedge_maze
Temple:   hellmonk_temple_divided_pantheon
Ossuary:  ossuary_zaba_flooded

Skill      XL: |  1  2  3  4  5  6  7  8 |
---------------+-------------------------+-----
Fighting       | 1 2 3 4 |  4.7
Spellcasting   | 3 4 5 |  5.9
Invocations    | 1 2 3 |  3.6
Evocations     | 1 2 |  2.9
Dodging        | |  2.1
Stealth        | |  1.5

Action                   |  1- 3 |  4- 6 |  7- 9 || total
-------------------------+-------+-------+-------++-------
Melee: Unarmed           |     7 |       |       ||     7
       Dagger            |       |    16 |    25 ||    41
       Punch             |       |     2 |       ||     2
 Fire: Sling             |       |       |    39 ||    39
 Cast: Sting             |    64 |   101 |    20 ||   185
       Olgreb's Toxic Ra |       |     4 |     3 ||     7
       Ensorcelled Hiber |       |     3 |       ||     3
       Summon Small Mamm |       |     1 |       ||     1
       Poisonous Vapours |       |       |     8 ||     8
       Mephitic Cloud    |       |       |     3 ||     3
Evoke: Wand              |       |       |     9 ||     9
  Use: Scroll            |       |    11 |     4 ||    15
       Potion            |       |       |     6 ||     6
 Stab: Sleeping          |       |     1 |     1 ||     2
       Confused          |       |       |     1 ||     1
Armor: Robe              |     9 |    19 |    23 ||    51
Dodge: Dodged            |    36 |    42 |    62 ||   140

Table legend: (Time is in decaauts)
 A = Elapsed time spent in this place.
 B = Non-inter-level travel time spent in this place.
 C = Inter-level travel time spent in this place.
 D = Time resting spent in this place.
 E = Time spent auto-exploring this place.
 F = Levels seen in this place.
 G = Mean time per level.
                   A        B        C        D        E       F      G
               +--------+--------+--------+--------+--------+-----+--------+
         Total |   6023 |   5772 |    251 |    551 |   3960 |   9 |  669.2 |
       Dungeon |   5691 |   5450 |    241 |    515 |   3776 |   6 |  948.5 |
        Temple |     32 |     22 |     10 |      0 |      3 |   1 |   32.0 |
         Sewer |    258 |    258 |      0 |     21 |    181 |   1 |  258.0 |
       Ossuary |     40 |     40 |      0 |     15 |      0 |   1 |   40.0 |
               +--------+--------+--------+--------+--------+-----+--------+

Top non-repeatable levels by time:
     D:2: 1428 daAuts
     D:1: 1214 daAuts
     D:4: 1115 daAuts
     D:5: 758 daAuts
     D:3: 619 daAuts
     D:6: 555 daAuts
   Sewer: 258 daAuts
 Ossuary: 40 daAuts
  Temple: 32 daAuts
